AoeStats
← centsand

Arena

508396013Analyzed
2v2 RM · 11d ago on Sep 22, 2026· 53m 27s· 4 players
Game mode
Random Map
Map size
Medium (4 player)
Population
200
Speed
Normal
Resources
Standard
Victory
Conquest
Starting age
Dark Age
Ending age
Imperial Age
RankedLock teamsTeams togetherTeam positionsShared explorationLock speedFull tech treeHidden civsTurbo modeCheats
Victory
Defeat
🇧🇪 Persians · Belgium
715
+15
🇹🇷 Bohemians · Türkiye
515
+24
🇹🇷 Khmer · Türkiye
696
-20
🇨🇦 Hindustanis · Canada
692
-37
emin
8:06 Loom
12:41 Feudal Age
15:13 Wheelbarrow
14:57 Double-Bit Axe
15:14 Horse Collar
18:49 Stone Mining
21:08 Castle Age
22:25 Hand Cart
23:24 Stone Shaft Mining
22:39 Gold Mining
24:11 Heavy Plow
24:26 Bow Saw
24:37 Scale Barding Armor
26:14 Gold Shaft Mining
29:11 Town Watch
30:12 Chain Barding Armor
29:43 Fletching
29:54 Padded Archer Armor
31:53 Tusk Swords
32:22 Caravan
34:43 Ballistics
42:10 Imperial Age
41:33 Bloodlines
41:24 Husbandry
43:16 Double Crossbow
43:24 Double Crossbow
43:01 Elite Battle Elephant
48:33 Leather Archer Armor
48:54 Plate Barding Armor
48:14 Bodkin Arrow
48:30 Forging
48:20 Scale Mail Armor
48:13 Elite Ballista Elephant
49:33 Conscription
50:59 Parthian Tactics
centsand
10:05 Feudal Age
14:48 Horse Collar
14:57 Double-Bit Axe
16:58 Wheelbarrow
21:29 Castle Age
23:23 Bow Saw
23:25 Heavy Plow
23:17 Gold Mining
23:19 Stone Mining
24:36 Bloodlines
24:26 Husbandry
24:51 Forging
24:46 Scale Barding Armor
27:33 Hand Cart
27:05 Town Watch
29:10 Gold Shaft Mining
29:12 Stone Shaft Mining
29:54 Caravan
31:35 Iron Casting
31:05 Scale Barding Armor
30:53 Fletching
31:03 Padded Archer Armor
32:59 Town Patrol
35:30 Grand Trunk Road
36:17 Ballistics
36:22 Fervor
38:47 Imperial Age
38:19 Bodkin Arrow
38:40 Leather Archer Armor
38:46 Chain Barding Armor
40:32 Chemistry
39:43 Careening
39:33 Murder Holes
39:51 Masonry
39:29 Heavy Camel Rider
39:48 Elite Skirmisher
40:25 Light Cavalry
40:37 Heavy Camel Rider
42:52 Imperial Camel Rider
46:10 Shatagni
46:31 Conscription
49:05 Two-Man Saw
50:43 Hoardings
52:39 Hussar
AlarmingSquid25
0:50 Loom
14:11 Feudal Age
20:11 Castle Age
18:11 Stone Mining
18:11 Gold Mining
18:04 Horse Collar
18:23 Double-Bit Axe
19:47 Wheelbarrow
19:30 Town Watch
21:06 Heavy Plow
21:20 Bow Saw
22:22 Gold Shaft Mining
24:12 Kamandaran
29:01 Thumb Ring
28:16 Crossbowman
32:24 Imperial Age
30:07 Fletching
30:48 Bodkin Arrow
30:55 Padded Archer Armor
31:25 Ballistics
32:00 Masonry
32:24 Leather Archer Armor
34:07 Two-Man Saw
33:41 Crop Rotation
35:42 Chemistry
35:13 Architecture
37:19 Ring Archer Armor
41:01 Hand Cart
40:46 Town Patrol
41:08 Forging
40:59 Scale Mail Armor
41:04 Scale Barding Armor
46:16 Caravan
46:46 Chain Barding Armor
47:02 Iron Casting
47:11 Conscription
49:07 Plate Barding Armor
48:48 Chain Mail Armor
50:39 Hoardings
53:44 Blast Furnace
53:15 Plate Mail Armor
53:18 Elite War Elephant
emrecankurttt54
1:06 Loom
14:53 Feudal Age
15:25 Horse Collar
15:33 Double-Bit Axe
21:16 Castle Age
20:53 Scale Mail Armor
21:05 Forging
22:21 Wheelbarrow
21:32 Town Watch
22:01 Heavy Plow
22:37 Bow Saw
28:25 Pikeman
29:05 Squires
28:26 Man-at-Arms
28:52 Arson
29:27 Hand Cart
29:20 Caravan
29:23 Town Patrol
33:07 Chemistry
31:49 Treadmill Crane
32:12 Atonement
32:30 Redemption
37:20 Imperial Age
38:28 Long Swordsman
38:28 Halberdier
39:49 Iron Casting
39:30 Chain Mail Armor
40:18 Two-Man Saw
40:53 Guilds
41:47 Blast Furnace
40:19 Capped Ram
40:29 Houfnice
42:08 Two-Handed Swordsman
46:31 Onager
47:59 Atonement
48:48 Theocracy
48:36 Block Printing
48:49 Illumination
47:51 Heavy Scorpion
51:04 Champion
Connection lost

Rejoining the realm…

Still unreachable

The connection could not be restored.

Session expired

The server has moved on; the page needs a fresh start.